 Dungeon Crawl Stone Soup version 0.31-a0-175-g9f7f995f2b (webtiles) character file.

Game seed: 8007917474013260520

232041 mopl the Gelid (level 19, -6/151 HPs)
             Began as a Merfolk Ice Elementalist on June 16, 2023.
             Was the Champion of Vehumet.
             Mangled by a +1 battleaxe of flaming (12 damage)
             ... on level 1 of the Elven Halls.
             The game lasted 01:50:46 (40724 turns).

mopl the Gelid (Merfolk Ice Elementalist)          Turns: 40724, Time: 01:50:46

Health: -6/151     AC: 14    Str:  9      XL:     19   Next: 7%
Magic:  24/36      EV: 26    Int: 20 (21) God:    Vehumet [******]
Gold:   1972       SH: 19    Dex: 16 (18) Spells: 14/45 levels left

rFire   . . .        b - +3 demon trident (venom)
rCold   + . .        E - +1 kite shield {rC+}
rNeg    + . .        m - +0 swamp dragon scales
rPois   +            T - +1 hat {SInv}
rElec   .            a - +1 cloak
rCorr   .            X - +1 pair of gloves of the Raven {Fly Regen+ Dex+3}
SInv    +            e - +1 pair of boots {rampage}
Will    ++...        y - amulet of Ipefan {Reflect rN+ Will+ SH+5}
Stlth   +            g - +5 ring of evasion
HPRegen 1.25/turn    O - +5 ring of evasion
MPRegen 0.25/turn

%: reflection, rampage
@: flying, very slightly contaminated
A: (nimble swimmer 2), mertail, deterioration 1
}: 2/15 runes: decaying, serpentine
a: Renounce Religion


You were on level 1 of the Elven Halls.
You worshipped Vehumet.
Vehumet was exalted by your worship.
You visited 7 branches of the dungeon, and saw 32 of its levels.
You also visited: Ice Cave.

You collected 3151 gold pieces.
You spent 1179 gold pieces at shops.

Inventory:

Hand Weapons
 b - a +3 demon trident of venom (weapon)
 W - the +4 scimitar of True Grit {holy, rPois Str+4 SInv}
   (You found it on level 4 of the Snake Pit)

   Str:       It affects your strength (+4).
   rPois:     It protects you from poison.
   SInv:      It lets you see invisible.
Missiles
 l - a curare-tipped dart
 w - 39 poisoned darts
Armour
 a - a +1 cloak (worn)
 e - a +1 pair of boots of rampaging (worn)
 m - +0 swamp dragon scales (worn)
 x - a +2 tower shield of protection
 E - a +1 kite shield of cold resistance (worn)
 T - a +1 hat of see invisible (worn)
 X - the +1 pair of gloves of the Raven (worn) {Fly Regen+ Dex+3}
   (You bought it in a shop on level 2 of the Orcish Mines)

   Dex:       It affects your dexterity (+3).
   Fly:       It grants you flight.
   Regen:     It increases your rate of health regeneration.
Jewellery
 d - a ring of fire
 g - a +5 ring of evasion (left hand)
 n - a ring of flight
 t - a ring of positive energy
 y - the amulet of Ipefan (around neck) {Reflect rN+ Will+ SH+5}
   (You found it on level 4 of the Dungeon)

   [amulet of reflection]

   It reflects blocked missile attacks.
   rN:        It protects you from negative energy.
   SH:        It affects your SH (+5).
   Will:      It increases your willpower.
 G - a ring of resist corrosion
 O - a +5 ring of evasion (right hand)
Wands
 f - a wand of digging (12)
 r - a wand of paralysis (2)
 z - a wand of polymorph (21)
 B - a wand of flame (27)
 L - a wand of roots (24)
Scrolls
 i - a scroll of enchant armour
 k - 7 scrolls of fog
 o - 20 scrolls of teleportation
 q - a scroll of silence {!r}
 v - 4 scrolls of blinking
 H - 7 scrolls of identify
 N - 5 scrolls of fear
 P - 2 scrolls of vulnerability
 U - 4 scrolls of immolation
 V - 8 scrolls of revelation
 Y - 3 scrolls of poison
 Z - 2 scrolls of butterflies
Potions
 c - 13 potions of brilliance
 h - 2 potions of haste
 j - 6 potions of heal wounds
 p - 2 potions of enlightenment
 u - 3 potions of lignification {!q}
 D - 2 potions of resistance
 F - 2 potions of might
 K - 2 potions of ambrosia
 M - 10 potions of curing
 Q - a potion of magic
Miscellaneous
 A - a sack of spiders


   Skills:
 + Level 13.8 Fighting
 + Level 2.5 Polearms
 + Level 1.7 Armour
 - Level 16.0 Dodging
 - Level 2.1 Stealth
 + Level 12.5 Shields
 + Level 13.7 Spellcasting
 - Level 5.0 Conjurations
 + Level 2.9 Hexes
 - Level 4.0 Translocations
 + Level 6.1 Transmutations
 * Level 19.6 Ice Magic
 - Level 10.5 Evocations


You had 14 spell levels left.
You knew the following spells:

 Your Spells              Type           Power      Damage    Failure   Level
a - Freeze                Ice            100%       1d10      0%          1
b - Frozen Ramparts       Ice            100%       1d16      1%          3
c - Freezing Cloud        Conj/Ice/Air   23%        6-21      9%          5
e - Blink                 Tloc           58%        N/A       10%         2
i - Irradiate             Conj/Tmut      18%        3d17      24%         5
o - Ozocubu's Refrigerat  Ice            37%        4d15      2%          7
s - Ozocubu's Armour      Ice            75%        N/A       1%          3
y - Yara's Violent Unrav  Hex/Tmut       15%        3d8       36%         5

Your spell library contained the following spells:

 Spells                   Type           Power      Damage    Failure   Level
 Ignition                 Fire           6%         3d4       100%        8
 Maxwell's Capacitive Co  Air            6%         ∞         100%        8
 Ensorcelled Hibernation  Hex/Ice        100%       N/A       1%          2
 Ice Form                 Ice/Tmut       60%        N/A       1%          4
 Wereblood                Tmut           38%        N/A       4%          2
 Dazzling Flash           Conj/Hex       58%        N/A       5%          3
 Summon Ice Beast         Ice/Summ       52%        N/A       6%          4
 Sting                    Tmut/Pois      100%       1d8       10%         1
 Stone Arrow              Conj/Erth      46%        3d9       11%         3
 Volatile Blastmotes      Fire/Tloc      42%        2d13      12%         3
 Poisonous Vapours        Pois/Air       26%        N/A       13%         2
 Iskenderun's Mystic Bla  Conj/Tloc      31%        2d8       14%         4
 Inner Flame              Hex/Fire       19%        N/A       16%         3
 Fulminant Prism          Conj/Hex       14%        3d8       17%         4
 Spider Form              Tmut/Pois      26%        N/A       28%         3
 Flame Wave               Conj/Fire      23%        2d8       30%         4
 Sticky Flame             Conj/Fire      23%        2d4       30%         4
 Iskenderun's Battlesphe  Conj           33%        2d9       30%         5
 Necrotise                Necr           52%        1d6       34%         1
 Vhi's Electric Charge    Tloc/Air       42%        N/A       41%         3
 Sublimation of Blood     Necr           13%        N/A       45%         2
 Manifold Assault         Tloc           29%        N/A       54%         4
 Passage of Golubria      Tloc           29%        N/A       54%         4
 Olgreb's Toxic Radiance  Pois           13%        N/A       61%         4
 Arcjolt                  Conj/Air       11%        1d21      61%         5
 Fireball                 Conj/Fire      11%        3d7       61%         5
 Simulacrum               Ice/Necr       26%        N/A       67%         6
 Vampiric Draining        Necr           13%        2d6       71%         3
 Cause Fear               Hex            12%        N/A       71%         4
 Anguish                  Hex/Necr       9%         N/A       88%         4
 Leda's Liquefaction      Hex/Erth       9%         N/A       88%         4
 Lee's Rapid Deconstruct  Erth           6%         3d6*      90%         5
 Polar Vortex             Ice            37%        N/A       92%         9
 Animate Armour           Summ/Erth      26%        N/A       98%         4
 Animate Dead             Necr           13%        N/A       98%         4
 Conjure Ball Lightning   Conj/Air       11%        3x3d6     98%         6
 Leda's Unmaking          Conj/Erth      11%        9d3       98%         6
 Starburst                Conj/Fire      11%        6d5       98%         6
 Silence                  Hex/Air        9%         N/A       99%         5
 Agony                    Necr           13%        N/A       100%        5
 Borgnjor's Vile Clutch   Necr/Erth      6%         N/A       100%        5
 Death Channel            Necr           6%         N/A       100%        6
 Plasma Beam              Fire/Air       6%         2x1d17    100%        6
 Statue Form              Tmut/Erth      17%        N/A       100%        6
 Enfeeble                 Hex            12%        N/A       100%        7
 Orb of Destruction       Conj           16%        9d7       100%        7
 Storm Form               Tmut/Air       13%        N/A       100%        7
 Summon Hydra             Summ           6%         N/A       100%        7
 Borgnjor's Revivificati  Necr           6%         N/A       100%        8
 Lehudib's Crystal Spear  Conj/Erth      11%        10d4      100%        8
 Chain Lightning          Conj/Air       11%        3d15      100%        9
 Fire Storm               Conj/Fire      11%        8d3       100%        9
 Shatter                  Erth           6%         3d9*      100%        9


Dungeon Overview and Level Annotations

Branches:
Dungeon (15/15)            Temple (1/1) D:4            Lair (5/5) D:8
  Swamp (4/4) Lair:2        Snake (4/4) Lair:3        Slime (0/5) Lair:4
    Orc (2/2) D:10            Elf (1/3) Orc:2        Vaults (0/5) D:14
 Depths (0/4) D:15          IceCv (visited)

Altars:
Ashenzari
Cheibriados
Dithmenos
Elyvilon
Fedhas
Gozag
Hepliaklqana
Kikubaaqudgha
Makhleb
Nemelex Xobeh
Okawaru
Qazlal
Ru
Sif Muna
Trog
Uskayaw
Vehumet
Wu Jian
Xom
Yredelemnul
Zin
The Shining One
Jiyva

Shops:
D:10 *[   D:13 :   Orc:2 ![=[=   Snake:1 [[**   Snake:3 ?:?*

Annotations:
D:10 Fannar
Lair:4 1 runed translucent door
Lair:5 3 runed translucent doors, Takeo's ghost, journeyman MiFi
Swamp:2 Roxanne
Snake:3 2 transporters
Snake:4 1 runed translucent door, Arcades's ghost, adept MiBe


Innate Abilities, Weirdness & Mutations

((You are very nimble when in or above water. (Stealth+, EV+, Speed+++)))
Your lower body shifts to a powerful aquatic tail in water.
Your body sometimes deteriorates upon taking damage.


Message History

The +1 battleaxe of flaming is blasted with magical radiation!!
The +1 battleaxe of flaming is severely damaged.
You are very lightly contaminated with residual magic.
The +1 battleaxe of flaming hits you! The +1 battleaxe of flaming burns you.
Unknown command.
You miss the +1 battleaxe of flaming.
The +1 battleaxe of flaming is severely damaged.
You block the +1 battleaxe of flaming's attack.
The +1 battleaxe of flaming hits you! The +1 battleaxe of flaming burns you.
You closely miss the +1 battleaxe of flaming.
The +1 battleaxe of flaming is severely damaged.
The +1 battleaxe of flaming hits you!! The +1 battleaxe of flaming burns you.
You hit the +1 battleaxe of flaming but do no damage.
The +1 battleaxe of flaming is severely damaged.
The +1 battleaxe of flaming completely misses you.
You block the +1 battleaxe of flaming's attack.
You hit the +1 battleaxe of flaming but do no damage.
The +1 battleaxe of flaming is heavily damaged.
The +1 battleaxe of flaming hits you. The +1 battleaxe of flaming burns you.
You block the +1 battleaxe of flaming's attack.
You hit the +1 battleaxe of flaming.
The +1 battleaxe of flaming is heavily damaged.
You block the +1 battleaxe of flaming's attack.
You hit the +1 battleaxe of flaming.
The +1 battleaxe of flaming is severely damaged.
The +1 battleaxe of flaming hits you!! The +1 battleaxe of flaming burns you!
The +1 battleaxe of flaming hits you!!
* * * LOW HITPOINT WARNING * * *
The +1 battleaxe of flaming burns you!
* * * LOW HITPOINT WARNING * * *
Aiming: Fastroot
Press: ? - help, Shift-Dir - straight line, f - +1 battleaxe of flaming
Aim: a +1 battleaxe of flaming (severely damaged)
The roots erupt in riotous growth!
Roots grab the +1 battleaxe of flaming.
The grasping roots constrict the +1 battleaxe of flaming, but do no damage.
The +1 battleaxe of flaming hits you!!
* * * LOW HITPOINT WARNING * * *
The +1 battleaxe of flaming burns you!
You die...

..###.....##
...(#.....#
..#####'###
#.# ###'#
+#...#
##.#######
##.##(....#
#..#@#####.
#..........#
#..#...8...+
##.........#
###.#####.#
##. # .. ###
.. #.# ..
##'#### ###


You could see a +1 battleaxe of flaming (rooted).

Vanquished Creatures
  Nikola (Swamp:2)
  Jorgrun (Snake:1)
  Mlioglotl (Swamp:1)
  A lich (IceCv)
  Frances (D:14)
  2 thorn hunters (Swamp:4)
  Agnes (D:15)
  5 nagarajas
  2 eleionomae
  A deep elf annihilator (Elf:1)
  An ettin (D:15)
  A ghost crab (Swamp:1)
  4 vault guards (D:14)
  Erolcha (Orc:1)
  A spriggan air mage (Swamp:4)
  A salamander tyrant (Snake:4)
  4 ogre magi (Orc:2)
  A caustic shrike simulacrum (IceCv)
  7 centaur warriors
  9 boulder beetles
  Erica (D:10)
  16 hydras
  4 catoblepae
  4 dancing weapons (Elf:1)
  7 anacondas
  7 alligators
  A deep troll shaman (Lair:5)
  14 two-headed ogres
  7 death yaks (Lair:5)
  14 naga warriors
  6 shock serpents
  Urug (Orc:1)
  2 deep elf knights (Elf:1)
  8 naga sharpshooters (Snake:4)
  4 salamander mystics
  A fire crab (Lair:4)
  2 skysharks (Lair:4)
  4 goliath frogs
  4 spriggan druids
  Lodul (D:13)
  3 deep trolls (D:15)
  6 sea snakes (Snake:1)
  8 naga ritualists
  An obsidian statue (IceCv)
  4 bog bodies
  A wizard (D:15)
  An orc knight (D:15)
  11 swamp dragons
  A spriggan simulacrum (IceCv)
  9 deep elf archers (Elf:1)
  9 deep elf pyromancers
  2 necromancers
  8 mana vipers
  9 deep elf zephyrmancers (Elf:1)
  A lindwurm (Lair:4)
  2 will-o-the-wisps
  19 ugly things
  3 manticores
  A salamander (shapeshifter) (D:15)
  11 elephants
  3 cyclopes
  9 salamanders
  36 black mambas
  11 naga magi
  4 guardian serpents
  A torpor snail (Lair:5)
  2 gargoyles
  15 cane toads
  3 efreet
  3 kobold demonologists
  3 yaktaurs (D:15)
  4 rime drakes
  17 freezing wraiths
  5 komodo dragons
  4 anaconda simulacra (IceCv)
  6 trolls
  4 polar bears
  7 tyrant leeches
  12 hornets
  7 blink frogs (Lair:4)
  A jumping spider (shapeshifter) (Elf:1)
  3 water elementals
  6 slime creatures (D:14)
  8 spriggans
  6 dire elephant simulacra (IceCv)
  7 humans (D:14)
  A basilisk (Lair:3)
  2 wraiths
  40 yaks
  4 wyverns
  Grum (D:10)
  3 steam dragons
  6 vampire mosquitoes
  2 wargs (Orc:1)
  3 harpy simulacra (IceCv)
  4 minotaur simulacra (IceCv)
  20 swamp worms
  3 acid dragons
  36 nagas
  2 hydra simulacra (IceCv)
  19 water moccasins
  12 orc warriors
  A floating eye (shapeshifter) (Elf:1)
  5 black bears
  12 swamp drakes
  2 ice beasts
  4 alligator simulacra (IceCv)
  2 ettin simulacra (IceCv)
  34 ogres
  32 wolves
  15 centaurs
  2 phantoms
  2 kobold brigands (D:12)
  11 bullfrogs
  5 gnoll sergeants
  A deep troll simulacrum (IceCv)
  2 earth elementals (Elf:1)
  2 scorpions (D:5)
  9 wights
  A lindwurm simulacrum (IceCv)
  9 electric eels
  4 howler monkeys
  5 jellies
  8 orc priests
  7 hounds
  2 gnoll boudas
  7 hell rats (Lair:5)
  5 sleepcaps
  7 iguanas
  23 orc wizards
  32 gnolls
  9 adders
  A white imp (D:6)
  An ufetubus (D:5)
  3 worms
  55 orcs
  5 ball pythons
  7 endoplasms
  3 giant cockroaches
  9 goblins
  8 hobgoblins
  9 jackals
  5 quokkas
  9 bats
  7 frilled lizards
  11 kobolds
  7 rats
1009 creatures vanquished.

Vanquished Creatures (others)
  A fenstrider witch (Swamp:4)
  Aizul (Swamp:4)
  2 bloated husks (Swamp:1)
  A human (D:14)
  A naga (Snake:2)
  4 foxfires (Swamp:4)
  5 starspawn tentacles (Swamp:1)
15 creatures vanquished.

Grand Total: 1024 creatures vanquished

Notes
Turn   | Place    | Note
-------+----------+-------------------------------------------
     0 | D:1      | mopl the Merfolk Ice Elementalist began the quest for the
                  | Orb.
     0 | D:1      | Reached XP level 1. HP: 13/13 MP: 3/3
   159 | D:1      | Reached XP level 2. HP: 19/19 MP: 0/5
   432 | D:1      | Reached XP level 3. HP: 24/24 MP: 4/6
   585 | D:1      | Found a faded altar of an unknown god.
   742 | D:2      | Reached skill level 5 in Ice Magic
   766 | D:2      | Learned a level 3 spell: Frozen Ramparts
   770 | D:2      | Learned a level 3 spell: Ozocubu's Armour
   805 | D:2      | Reached skill level 3 in Spellcasting
   805 | D:2      | Reached XP level 4. HP: 30/30 MP: 3/8
  1480 | D:2      | Reached XP level 5. HP: 35/35 MP: 7/10
  2456 | D:4      | Reached skill level 4 in Spellcasting
  2456 | D:4      | Reached skill level 6 in Ice Magic
  2494 | D:4      | Reached XP level 6. HP: 29/41 MP: 1/12
  2751 | D:4      | Identified the amulet of Ipefan {Reflect rN+ Will+ SH+5}
  2762 | D:4      | Found a staircase to the Ecumenical Temple.
  2764 | D:4      | Identified the +1 cloak of the Weaver {Harm Int-5 Stlth+}
  2772 | Temple   | Entered the Ecumenical Temple
  2865 | Temple   | Became a worshipper of Vehumet
  3070 | D:5      | Entered Level 5 of the Dungeon
  3098 | D:5      | Reached skill level 7 in Ice Magic
  3098 | D:5      | Reached XP level 7. HP: 39/46 MP: 4/14
  3146 | D:5      | Learned a level 2 spell: Blink
  3152 | D:5      | Reached skill level 5 in Spellcasting
  3312 | D:5      | Reached skill level 1 in Translocations
  3391 | D:5      | Reached skill level 2 in Translocations
  3419 | D:5      | Reached XP level 8. HP: 40/52 MP: 11/16
  3569 | D:5      | Found a bloodstained altar of Trog.
  3569 | D:5      | Found a basalt altar of Yredelemnul.
  3570 | D:5      | Found a blossoming altar of Fedhas.
  3895 | D:6      | Reached skill level 8 in Ice Magic
  3899 | D:6      | Reached skill level 6 in Spellcasting
  4017 | D:6      | Reached * piety under Vehumet
  4017 | D:6      | Offered knowledge of Kiss of Death by Vehumet.
  4130 | D:6      | Reached skill level 3 in Translocations
  4831 | D:6      | Reached skill level 9 in Ice Magic
  4831 | D:6      | Reached XP level 9. HP: 40/57 MP: 16/19
  4883 | D:6      | Reached skill level 4 in Translocations
  4957 | D:7      | Found a shimmering blue altar of Sif Muna.
  4970 | D:7      | Reached skill level 7 in Spellcasting
  5200 | D:7      | Offered knowledge of Shock by Vehumet.
  5377 | D:7      | Reached ** piety under Vehumet
  5622 | D:7      | Identified the +4 demon whip "Xisob" {freeze, Will+}
  5652 | D:7      | Reached skill level 3 in Dodging
  5944 | D:8      | Reached skill level 1 in Fighting
  5944 | D:8      | Reached skill level 10 in Ice Magic
  6032 | D:8      | Found a stormy altar of Qazlal.
  6083 | D:8      | Noticed a troll
  6098 | D:8      | Reached skill level 1 in Shields
  6099 | D:8      | Reached skill level 2 in Fighting
  6100 | D:8      | Killed a troll
  6100 | D:8      | Offered knowledge of Dazzling Flash by Vehumet.
  6101 | D:8      | Reached skill level 4 in Dodging
  6101 | D:8      | Reached skill level 2 in Shields
  6101 | D:8      | Reached skill level 8 in Spellcasting
  6179 | D:8      | Reached XP level 10. HP: 51/68 MP: 18/22
  6192 | D:8      | Found a staircase to the Lair.
  6396 | D:8      | Reached skill level 3 in Fighting
  6998 | D:9      | Reached *** piety under Vehumet
  7063 | D:9      | Reached skill level 5 in Dodging
  7126 | D:9      | Noticed a two-headed ogre
  7132 | D:9      | Killed a two-headed ogre
  7133 | D:9      | Reached skill level 3 in Shields
  7176 | D:9      | Noticed a kobold demonologist
  7187 | D:9      | Killed a kobold demonologist
  7197 | D:9      | Reached skill level 4 in Fighting
  7300 | D:9      | Noticed a two-headed ogre
  7300 | D:9      | Noticed a gargoyle
  7305 | D:9      | Reached skill level 6 in Dodging
  7309 | D:9      | Killed a gargoyle
  7309 | D:9      | Offered knowledge of Sticky Flame by Vehumet.
  7313 | D:9      | Killed a two-headed ogre
  7314 | D:9      | Reached skill level 4 in Shields
  7314 | D:9      | Reached skill level 11 in Ice Magic
  7442 | D:9      | Reached skill level 5 in Fighting
  7442 | D:9      | Reached XP level 11. HP: 76/79 MP: 13/23
  7679 | D:9      | Reached skill level 9 in Spellcasting
  7691 | D:9      | Found a white marble altar of Elyvilon.
  7691 | D:9      | Found a glowing golden altar of the Shining One.
  7797 | D:10     | Entered Level 10 of the Dungeon
  7807 | D:10     | Reached skill level 7 in Dodging
  7809 | D:10     | Got the Lectures on the Foul Lungs
  7826 | D:10     | Found a snail-covered altar of Cheibriados.
  7874 | D:10     | Noticed Fannar
  7913 | D:10     | Noticed Erica
  7933 | D:10     | Killed Erica
  7938 | D:10     | Reached skill level 5 in Shields
  7940 | D:10     | Reached **** piety under Vehumet
  8083 | D:10     | Noticed Grum
  8096 | D:10     | Offered knowledge of Mephitic Cloud by Vehumet.
  8098 | D:10     | Killed Grum
  8163 | D:10     | Found a staircase to the Orcish Mines.
  8163 | D:10     | Found Siuwoim's Armour Shoppe.
  8187 | D:10     | Reached skill level 6 in Fighting
  8204 | D:10     | Reached skill level 8 in Dodging
  8252 | D:10     | Noticed a two-headed ogre
  8269 | D:10     | Killed a two-headed ogre
  8552 | D:10     | Found Ymeuloi's General Store.
  8566 | D:10     | Bought a potion of curing for 51 gold pieces
  8566 | D:10     | Bought a potion of cancellation for 136 gold pieces
  8566 | D:10     | Bought a scroll of immolation for 68 gold pieces
  8566 | D:10     | Bought a scroll of revelation for 127 gold pieces
  8806 | Lair:1   | Entered Level 1 of the Lair of Beasts
  8889 | Lair:1   | Reached skill level 6 in Shields
  8889 | Lair:1   | Reached skill level 1 in Evocations
  8928 | Lair:1   | Reached skill level 12 in Ice Magic
  8959 | Lair:1   | Reached XP level 12. HP: 75/89 MP: 23/25
  8970 | Lair:1   | Reached skill level 9 in Dodging
  8975 | Lair:1   | Reached skill level 7 in Fighting
  8975 | Lair:1   | Reached skill level 2 in Evocations
  9323 | Lair:1   | Reached ***** piety under Vehumet
  9344 | Lair:1   | Offered knowledge of Spellforged Servitor by Vehumet.
  9506 | Lair:1   | Learned a level 7 spell: Ozocubu's Refrigeration
  9541 | Lair:1   | Reached skill level 10 in Spellcasting
  9625 | Lair:1   | Identified the +1 robe of the Forest {Str+5 Dex+2}
 10066 | Lair:2   | Reached skill level 3 in Evocations
 10239 | Lair:2   | Noticed a four-headed hydra
 10247 | Lair:2   | Killed a two-headed hydra
 10562 | Lair:2   | Found a staircase to the Swamp.
 10570 | Lair:2   | Reached skill level 7 in Shields
 10812 | Lair:2   | Found a transporter.
 10814 | Lair:2   | Found a transporter.
 10815 | Lair:2   | Noticed a boulder beetle
 11098 | Lair:3   | Found a burning altar of Makhleb.
 11159 | Lair:3   | Noticed a catoblepas
 11245 | Lair:3   | Reached skill level 10 in Dodging
 11475 | Lair:3   | Reached skill level 8 in Fighting
 11542 | Lair:3   | Reached skill level 13 in Ice Magic
 11615 | Lair:3   | Found a staircase to the Snake Pit.
 11937 | Lair:4   | Reached skill level 4 in Evocations
 12200 | Lair:4   | Found a runed translucent door.
 12200 | Lair:4   | Found a viscous altar of Jiyva.
 12201 | Lair:4   | Found a staircase to the Slime Pits.
 12201 | Lair:4   | Noticed an azure jelly
 12201 | Lair:4   | Noticed an azure jelly
 12201 | Lair:4   | Noticed an azure jelly
 12201 | Lair:4   | Noticed an azure jelly
 12232 | Lair:4   | Reached XP level 13. HP: 29/98 MP: 21/27
 13772 | Lair:4   | Reached skill level 5 in Evocations
 13782 | Lair:4   | Reached skill level 8 in Shields
 13801 | Lair:4   | Reached skill level 11 in Dodging
 13837 | Lair:5   | Entered Level 5 of the Lair of Beasts
 14147 | Lair:5   | Reached skill level 9 in Fighting
 14147 | Lair:5   | Reached skill level 14 in Ice Magic
 15076 | Lair:5   | Reached skill level 11 in Spellcasting
 15351 | Lair:5   | Reached XP level 14. HP: 94/108 MP: 10/29
 15610 | Lair:5   | Noticed Takeo's ghost (journeyman MiFi)
 15614 | Lair:5   | Found a runed translucent gate.
 15614 | Lair:5   | Found a runed translucent gate.
 15614 | Lair:5   | Found a runed translucent gate.
 15968 | Lair:5   | Reached skill level 6 in Evocations
 16185 | Lair:5   | Identified the +3 flail "Meolurph" {drain, rCorr Int+5
                  | Stlth+}
 16481 | Orc:1    | Entered Level 1 of the Orcish Mines
 16499 | Orc:1    | Reached skill level 12 in Dodging
 16522 | Orc:1    | Noticed Urug
 16675 | Orc:1    | Killed Urug
 16859 | Orc:2    | Entered Level 2 of the Orcish Mines
 16910 | Orc:2    | Found Can Luwu's Distillery.
 17265 | Orc:2    | Found a staircase to the Elven Halls.
 17292 | Orc:1    | Noticed Erolcha
 17296 | Orc:1    | Killed Erolcha
 17297 | Orc:1    | Reached skill level 9 in Shields
 17297 | Orc:1    | Reached skill level 15 in Ice Magic
 17607 | Orc:2    | Found Tataod's Jewellery Shop.
 17607 | Orc:2    | Found Amiupril's Antique Armour Emporium.
 17612 | Orc:2    | Reached skill level 10 in Fighting
 17625 | Orc:1    | Offered knowledge of Freezing Cloud by Vehumet.
 17632 | Orc:1    | Learned a level 5 spell: Freezing Cloud
 18025 | Orc:2    | Found Kiwam's Antique Armour Boutique.
 18025 | Orc:2    | Found Elirph's Jewellery Emporium.
 18354 | Orc:2    | Bought a pair of fine gloves for 342 gold pieces
 18354 | Orc:2    | Identified the +1 pair of gloves of the Raven {Fly Regen+
                  | Dex+3} (You bought it in a shop on level 2 of the Orcish
                  | Mines)
 18894 | D:11     | Reached skill level 7 in Evocations
 19393 | D:12     | Reached skill level 1 in Conjurations
 19397 | D:12     | Reached XP level 15. HP: 117/117 MP: 22/30
 20244 | D:13     | Found a bloodstained altar of Trog.
 20360 | D:13     | Found Paosei's Book Shoppe.
 20471 | D:13     | Noticed Lodul
 20474 | D:13     | Offered knowledge of Orb of Destruction by Vehumet.
 20475 | D:13     | Reached skill level 13 in Dodging
 20475 | D:13     | Killed Lodul
 21298 | D:14     | Reached skill level 2 in Conjurations
 21298 | D:14     | Reached skill level 16 in Ice Magic
 21903 | D:14     | Reached skill level 11 in Fighting
 22235 | D:14     | Reached skill level 10 in Shields
 22310 | D:14     | Reached skill level 12 in Spellcasting
 22454 | D:14     | Noticed Frances
 22468 | D:14     | Killed Frances
 22712 | D:14     | Found a gate to the Vaults.
 22792 | D:15     | Entered Level 15 of the Dungeon
 23011 | D:15     | Paralysed by a hornet for 2 turns
 23142 | D:15     | Reached skill level 3 in Conjurations
 23277 | D:15     | Reached ****** piety under Vehumet
 23286 | D:15     | Reached skill level 8 in Evocations
 23983 | D:15     | Offered knowledge of Eringya's Noxious Bog by Vehumet.
 23996 | D:15     | Reached XP level 16. HP: 125/125 MP: 20/32
 24089 | D:15     | Noticed Agnes
 24095 | D:15     | Killed Agnes
 24290 | D:15     | Found a staircase to the Depths.
 25054 | Snake:1  | Entered Level 1 of the Snake Pit
 25066 | Snake:1  | Found Vaallun's Antique Armour Shop.
 25069 | Snake:1  | Found Afeocei's General Store.
 25069 | Snake:1  | Found Xousoh's Antique Armour Shop.
 25076 | Snake:1  | Bought a glowing cloak for 150 gold pieces
 25125 | Snake:1  | Found Pebusiy's Assorted Antiques.
 25128 | Snake:1  | Bought a scroll of blinking for 142 gold pieces
 25128 | Snake:1  | Bought a potion of curing for 57 gold pieces
 25131 | Snake:1  | Bought a scroll labelled BIDWIR CUZIMOO for 34 gold pieces
 25662 | Snake:1  | Noticed Jorgrun
 25701 | Snake:1  | Reached skill level 14 in Dodging
 25701 | Snake:1  | Reached skill level 17 in Ice Magic
 25713 | Snake:1  | Killed Jorgrun
 26261 | Snake:2  | Reached skill level 4 in Conjurations
 27656 | Snake:3  | Offered knowledge of Starburst by Vehumet.
 28022 | Snake:3  | Found Lyreofiu's Assorted Antiques.
 28116 | Snake:3  | Found a transporter.
 28262 | Snake:3  | Found Arug's Magic Scroll Emporium.
 28382 | Snake:3  | Bought a scroll of fear for 48 gold pieces
 28382 | Snake:3  | Bought a scroll of identify for 24 gold pieces
 28464 | Snake:3  | Reached skill level 12 in Fighting
 28859 | Snake:3  | Reached skill level 11 in Shields
 29005 | Snake:3  | Noticed a nagaraja
 29009 | Snake:3  | Reached skill level 9 in Evocations
 29011 | Snake:3  | Killed a nagaraja
 29355 | Snake:3  | Found Wois's Book Shoppe.
 29521 | Snake:3  | Found a transporter.
 29535 | Snake:3  | Found Zuerarro's Magic Scroll Boutique.
 29900 | Snake:4  | Entered Level 4 of the Snake Pit
 29900 | Snake:4  | Noticed Arcades's ghost (adept MiBe)
 29900 | Snake:4  | Found a runed translucent door.
 29906 | Snake:4  | Reached XP level 17. HP: 97/133 MP: 8/33
 30203 | Snake:4  | Identified the +4 scimitar of True Grit {holy, rPois Str+4
                  | SInv}
 30715 | Snake:4  | Found a basalt altar of Yredelemnul.
 30889 | Snake:4  | Reached skill level 5 in Conjurations
 31265 | Snake:4  | Reached skill level 18 in Ice Magic
 31665 | Snake:4  | Reached skill level 15 in Dodging
 32498 | Snake:4  | Reached skill level 13 in Spellcasting
 33191 | Snake:4  | Got a serpentine rune of Zot
 33715 | Elf:1    | Entered Level 1 of the Elven Halls
 33724 | Orc:2    | Learned a level 5 spell: Yara's Violent Unravelling
 33924 | Swamp:1  | Entered Level 1 of the Swamp
 33945 | Swamp:1  | Offered knowledge of Irradiate by Vehumet.
 33952 | Swamp:1  | Learned a level 5 spell: Irradiate
 34281 | Swamp:1  | Reached skill level 1 in Transmutations
 35045 | Swamp:1  | You are sucked into a shaft and drop 1 floor!
 35059 | Swamp:2  | Reached skill level 2 in Transmutations
 35256 | Swamp:2  | Noticed Nikola
 35279 | Swamp:2  | Killed Nikola
 35394 | Swamp:2  | Noticed Mlioglotl
 35411 | Swamp:1  | Noticed a tentacled starspawn
 35412 | Swamp:1  | Noticed a tentacled starspawn
 35419 | Swamp:1  | Killed Mlioglotl
 35420 | Swamp:1  | Reached skill level 13 in Fighting
 35535 | Swamp:2  | Identified Roxanne's Tractate on Transfiguration
 35535 | Swamp:2  | Noticed Roxanne
 35704 | Swamp:3  | Reached skill level 10 in Evocations
 36095 | Swamp:3  | Reached XP level 18. HP: 132/143 MP: 28/35
 36233 | Swamp:4  | Entered Level 4 of the Swamp
 36240 | Swamp:4  | Reached skill level 3 in Transmutations
 36374 | Swamp:4  | Found a frozen archway.
 36395 | Swamp:4  | Reached skill level 12 in Shields
 36416 | Swamp:4  | Offered knowledge of Ignition by Vehumet.
 36451 | IceCv    | Entered an ice cave
 36593 | IceCv    | Reached skill level 4 in Transmutations
 36894 | IceCv    | Reached skill level 19 in Ice Magic
 37249 | IceCv    | Found an ancient bone altar of Kikubaaqudgha.
 37590 | IceCv    | Noticed a lich
 37598 | IceCv    | Killed a lich
 37796 | IceCv    | Gained mutation: Your body sometimes deteriorates upon
                  | taking damage. [mutagenic glow]
 37823 | IceCv    | Got the Omnibus of the Deep Freeze and Spectres
 38177 | Swamp:4  | Offered knowledge of Ignition by Vehumet.
 38177 | Swamp:4  | Offered knowledge of Maxwell's Capacitive Coupling by
                  | Vehumet.
 38178 | Swamp:4  | Reached skill level 1 in Hexes
 38239 | Swamp:4  | Reached skill level 16 in Dodging
 38426 | Swamp:4  | Reached skill level 5 in Transmutations
 39140 | Swamp:4  | Noticed Aizul
 39215 | Swamp:4  | Killed Aizul
 39216 | Swamp:4  | Reached skill level 2 in Hexes
 39271 | Swamp:4  | Got a decaying rune of Zot
 39978 | Elf:1    | Reached skill level 1 in Armour
 40131 | Elf:1    | Reached skill level 1 in Polearms
 40515 | Elf:1    | Paralysed by a floating eye for 3 turns
 40554 | Elf:1    | Reached skill level 2 in Polearms
 40559 | Elf:1    | Reached skill level 6 in Transmutations
 40571 | Elf:1    | Reached XP level 19. HP: 124/151 MP: 21/36
 40724 | Elf:1    | HP: 6/151 [+1 battleaxe of flaming (25)]
 40724 | Elf:1    | Mangled by a +1 battleaxe of flaming

Illustrated notes

Levels and vault maps discovered:
D:1:      psy_arrival_dodecagon, layout_rooms,
          shapermc_ecumenical_altar_notcrosses, serial_bayou_lagoon_a
D:2:      layout_basic, amcnicky_mini_rare_corridor_liquid
D:3:      layout_basic, minmay_misc_feat_columns, minmay_hedge_maze
D:4:      layout_rooms, minmay_temple_entry_statues_fountains
D:5:      layout_loops_cross, gammafunk_temple_overflow_claw,
          dreamdust_mushroom_princess
D:6:      minmay_octagon_keep, layout_rooms, chequers_serial_rivers_room_b
D:7:      layout_cave_pods, mainiacjoe_overflow_chevrons, serial_column_ruins,
          column_ruins_grid_4, column_ruins_open_tiny_water,
          column_ruins_open_small
D:8:      layout_basic, old_standard_altar, erik_lair_island
D:9:      layout_rooms, gammafunk_temple_overflow_elements,
          minmay_joined_circles
D:10:     layout_small_grid, mainiacjoe_overflow_cross_hatched, orc_david_3,
          skrybe_limestone_x, kennysheep_small_square, uniq_erica, uniq_grum,
          uniq_fannar
D:11:     layout_loops_ring
D:12:     layout_basic, nicolae_the_louvre
D:13:     layout_irregular_city, serial_shops, shop, trog_ov_bears_minmay,
          uniq_lodul
D:14:     layout_stronghold, ximxim_vaults_locker_room, serial_column_ruins,
          column_ruins_columns_straight, column_ruins_grid_3,
          column_ruins_open_tiny, column_ruins_corridor_corner,
          column_ruins_columns_T, column_ruins_open_tiny, serial_bayou_ford_a,
          uniq_frances
D:15:     hangedman_depths_entry_civil_slaughter, layout_layer_cave,
          serial_bayou_pond_b, dreamdust_wasp_nest, uniq_agnes
Temple:   nicolae_temple_great_sept
Lair:1:   layout_loops_ring, hibernation_bobbens
Lair:2:   gammafunk_boulding_lane, layout_loops_ring, minmay_swamp_entry_worms
Lair:3:   layout_long_grid, nicolae_snake_entry_squirm, basic_altar
Lair:4:   layout_regular_city, slime_entry_2, st_stairs_5, serial_bayou_shore_a
Lair:5:   grunt_lair_end_beastmaster, layout_misc_corridors,
          gammafunk_ghost_split, infiniplex_staircase_pool
Swamp:1:  layout_basic_swamp, hangedman_swamp_ruin_hall
Swamp:2:  layout_basic_swamp, hangedman_swamp_pad, uniq_mlioglotl, uniq_nikola,
          uniq_roxanne
Swamp:3:  layout_basic_swamp, serial_swamp_ruin, hangedman_swamp_ruin_wall,
          evilmike_swamp_ruin_house_5
Swamp:4:  swamp, layout_basic_swamp, portal_ice_cave_entry_ugly_swarm,
          swamp_pool1, statue_in_the_mist_lemuel, cheibrodos_swamp_witchery,
          uniq_aizul
Snake:1:  layout_chambers, serial_bayou, serial_bayou_pond_a,
          serial_bayou_lake_a, serial_bayou_pond_c, serial_bayou_pond_e,
          basic_altar, st_stairs_14, minmay_shoptagon, uniq_jorgrun
Snake:2:  layout_concentric_octagons
Snake:3:  gammafunk_its_a_trap, layout_layer_cave, serial_shops, shop,
          nicolae_shop_tiny_waterfront, shop, shop_statue,
          hangedman_snake_sidewinding
Snake:4:  johnstein_snake_rune_scales, layout_gridlike,
          hellmonk_ghost_happy_afterlife, basic_altar, lemuel_fruit_tree
Orc:1:    layout_caves, nicolae_orc_tapped_out, uniq_urug, uniq_erolcha
Orc:2:    st_orc_ogre_mass, layout_diamond_mine, serial_shops, shop
Elf:1:    layout_geoelf_octagon, hangedman_elf_represent, grunt_megastairs_1

Skill      XL: |  1  2  3  4  5  6  7  8  9 10 11 12 13 14 15 16 17 18 |
---------------+-------------------------------------------------------+-----
Ice Magic      | 5 6 7 9 10 11 12 13 14 15 16 17 18 19 | 19.6
Spellcasting   | 3 4 5 6 8 9 10 11 12 13 | 13.7
Translocations | 2 3 4 |  4.0
Dodging        | 4 6 8 10 11 12 13 14 15 16 | 16.0
Fighting       | 2 5 6 8 9 10 11 12 13 | 13.8
Shields        | 2 4 6 7 8 9 10 11 12 | 12.5
Evocations     | 1 4 5 7 8 9 10 | 10.5
Conjurations   | 1 3 4 5 |  5.0
Transmutations | 2 6 |  6.1
Hexes          | 2 |  2.9
Armour         | 1 |  1.7
Polearms       | 2 |  2.5
Stealth        | |  2.1

Action                     |  1- 3 |  4- 6 |  7- 9 | 10-12 | 13-15 | 16-18 | 19-21 || total
---------------------------+-------+-------+-------+-------+-------+-------+-------++-------
  Melee: Unarmed           |    58 |       |       |       |       |       |       ||    58
         Punch             |     2 |       |     3 |     9 |     5 |       |       ||    19
         Dagger            |     8 |    64 |       |       |       |       |       ||    72
         Tailslap          |     3 |       |       |     1 |     5 |       |       ||     9
         Spear             |       |    20 |   292 |   352 |   384 |       |       ||  1048
         Scimitar          |       |       |       |     2 |       |       |       ||     2
         Demon trident     |       |       |       |       |   342 |   854 |    25 ||  1221
  Throw: Dart              |       |       |       |     3 |     6 |       |       ||     9
   Cast: Freeze            |    31 |   101 |   105 |   279 |   168 |       |       ||   684
         Frozen Ramparts   |     1 |     6 |    29 |    49 |    33 |     3 |       ||   121
         Ozocubu's Armour  |       |     1 |    11 |    32 |    25 |    19 |       ||    88
         Ozocubu's Refrige |       |       |       |       |   208 |   408 |     6 ||   622
         Blink             |       |       |       |       |     3 |       |       ||     3
         Freezing Cloud    |       |       |       |       |       |     7 |       ||     7
         Irradiate         |       |       |       |       |       |     4 |     1 ||     5
  Evoke: Wand              |       |       |     5 |     6 |     4 |    76 |     2 ||    93
    Use: Scroll            |       |       |     4 |     7 |     5 |    10 |       ||    26
         Potion            |       |       |       |     2 |       |     5 |       ||     7
   Stab: Sleeping          |     2 |     2 |     2 |     4 |     2 |       |       ||    12
         Distracted        |       |       |       |     1 |     2 |     1 |       ||     4
         Paralysed         |       |       |       |       |       |    35 |       ||    35
 Armour: Robe              |    27 |    31 |    60 |       |       |       |       ||   118
         Acid dragon scale |       |       |    12 |   103 |    71 |       |       ||   186
         Troll leather arm |       |       |       |       |    53 |    17 |       ||    70
         Swamp dragon scal |       |       |       |       |       |   249 |     3 ||   252
  Dodge: Dodged            |    59 |   107 |   231 |   562 |   739 |  1132 |    11 ||  2841
  Block: Other             |       |     9 |    76 |   139 |   151 |       |       ||   375
         Reflection        |       |     1 |     2 |     2 |     4 |    47 |     1 ||    57
         Kite shield       |       |       |       |       |       |  1246 |    15 ||  1261

Table legend: (Time is in decaauts)
 A = Elapsed time spent in this place.
 B = Non-inter-level travel time spent in this place.
 C = Inter-level travel time spent in this place.
 D = Time resting spent in this place.
 E = Time spent auto-exploring this place.
 F = Levels seen in this place.
 G = Mean time per level.
                   A        B        C        D        E       F      G
               +--------+--------+--------+--------+--------+-----+--------+
         Total |  41029 |  37705 |   3324 |  11725 |  16298 |  33 | 1243.3 |
       Dungeon |  15769 |  14511 |   1258 |   2660 |   8301 |  15 | 1051.3 |
        Temple |    103 |     93 |     10 |      0 |     63 |   1 |  103.0 |
          Lair |   8447 |   7561 |    886 |   2525 |   2978 |   5 | 1689.4 |
         Swamp |   3636 |   3440 |    196 |   1281 |   1198 |   4 |  909.0 |
     Snake Pit |   8452 |   8035 |    417 |   4191 |   2713 |   4 | 2113.0 |
  Orcish Mines |   2200 |   1663 |    537 |    611 |    731 |   2 | 1100.0 |
   Elven Halls |    710 |    693 |     17 |    203 |    183 |   1 |  710.0 |
      Ice Cave |   1709 |   1709 |      0 |    253 |    129 |   1 | 1709.0 |
               +--------+--------+--------+--------+--------+-----+--------+

Top non-repeatable levels by time:
 Snake:3: 3168 daAuts
 Snake:4: 2618 daAuts
  Lair:4: 2341 daAuts
  Lair:5: 1883 daAuts
    D:14: 1860 daAuts
   IceCv: 1709 daAuts
    D:15: 1674 daAuts
  Lair:2: 1512 daAuts
   Orc:2: 1415 daAuts
  Lair:1: 1402 daAuts
     D:8: 1366 daAuts
 Snake:1: 1355 daAuts
 Snake:2: 1310 daAuts
  Lair:3: 1308 daAuts
    D:10: 1279 daAuts
